 Dungeon Crawl Stone Soup version 0.24.0 (webtiles) character file.

Game seed: 15600859052496605564, levelgen mode: deterministic

75 Buxparty the Sneak (level 4, 0/21 HPs)
             Began as a Spriggan Enchanter on Jan 26, 2020.
             Killed from afar by an orc wizard (5 damage)
             ... with a magic dart
             ... on level 3 of the Dungeon.
             The game lasted 00:10:49 (3740 turns).

Buxparty the Sneak (Spriggan Enchanter)             Turns: 3740, Time: 00:10:50

Health: 0/21       AC:  2    Str:  4    XL:     4   Next: 11%
Magic:  1/11       EV: 18    Int: 17    God:
Gold:   75         SH:  0    Dex: 16    Spells: 5/11 levels left

rFire    . . .     SeeInvis +   a - +1 dagger
rCold    . . .     Gourm    .   (shield restricted)
rNeg     . . .     Faith    .   b - +0 robe
rPois    .         Spirit   .   (helmet restricted)
rElec    .         Reflect  .   (no cloak)
rCorr    .         Harm     .   (gloves unavailable)
MR       .....                  (boots unavailable)
Stlth    +++.......             (no amulet)
HPRegen  0.07/turn              (no ring)
MPRegen  0.12/turn              (no ring)

@: very quick
A: very small, unfitting armour, see invisible, herbivore, speed 3, slow
metabolism 2
a: no special abilities


You were on level 3 of the Dungeon.
You were not hungry.

You visited 1 branch of the dungeon, and saw 3 of its levels.

You collected 75 gold pieces.

Inventory:

Hand Weapons
 a - a +1 dagger (weapon)
Missiles
 h - 24 sling bullets
 n - 19 poisoned darts (quivered)
Armour
 b - a +0 robe (worn)
Jewellery
 l - an uncursed ring of positive energy
Scrolls
 c - a scroll of magic mapping {unknown}
 g - 2 scrolls of teleportation {unknown}
 i - a scroll of immolation {unknown}
 j - 2 scrolls of identify {unknown}
 m - a scroll of remove curse {unknown}
 o - 2 scrolls of fog {unknown}
Potions
 e - a potion of might {unknown}
 f - a potion of brilliance {unknown}
 k - a potion of mutation {unknown}
Comestibles
 d - a ration


   Skills:
 - Level 1.1 Short Blades
 - Level 3.0 Dodging
 + Level 5.4 Stealth
 * Level 4.3 Spellcasting
 + Level 4.3 Hexes


You had 5 spell levels left.
You knew the following spells:

 Your Spells              Type           Power        Failure   Level  Hunger
a - Corona                Hex            ###....      2%          1    None
b - Ensorcelled Hibernat  Hex/Ice        ##....       10%         2    ##.....
c - Confuse               Hex            ###.....     8%          3    ###....

Your spell library contained the following spells:

 Spells                   Type           Power        Failure   Level  Hunger
 Tukima's Dance           Hex            ###.....     8%          3    ###....
 Dazzling Spray           Conj/Hex       ##....       19%         3    ###....


Dungeon Overview and Level Annotations

Branches:
Dungeon (3/15)

Altars:
Trog

Annotations:
D:3 Terence


Innate Abilities, Weirdness & Mutations

You are very small and have problems with some larger weapons.
You are too small for most types of armour.
You have supernaturally acute eyesight. (SInv)
You are a herbivore.
You cover ground extremely quickly.
You need to consume almost no food.


Message History

The orc wizard misses you.
You hit the orc wizard.
The orc wizard is moderately wounded.
The orc wizard gestures at you while chanting.
The magic dart hits you. The orc wizard misses you.
You miss the orc wizard.
The orc wizard is moderately wounded.
The orc wizard misses you.
You completely miss the orc wizard.
The orc wizard is moderately wounded.
The orc wizard points at you and mumbles some strange words.
The magic dart hits you.
* * * LOW HITPOINT WARNING * * *
Things that are here:
a +0 ring mail; a +0 trident; an orc skeleton The orc wizard gestures at you while chanting.
You easily resist.
The orc wizard gestures at you while chanting.
The magic dart hits you.
You die...

......#..#..........#
.....ยง#..#..........#
#.....#..#..........#
...[.....#....########
#####.#..#............
........##....#######.
.............<[.[o..#
#####.#####...#####o#
#.#.........@...#
..#.......#######
.###.......# #.
.......... #
.#.......## .........#
.#.......# .......


You could see an orc wizard.

Vanquished Creatures
  An adder (D:2)
  An adder skeleton (D:2)
  A leopard gecko (D:3)
  4 orcs (D:3)
  2 giant cockroaches (D:2)
  5 goblins
  8 hobgoblins
  7 jackals
  A quokka (D:3)
  8 bats
  5 frilled lizards
  6 kobolds
  4 rats
53 creatures vanquished.

Notes
Turn   | Place    | Note
-------+----------+-------------------------------------------
     0 | D:1      | Buxparty the Spriggan Enchanter began the quest for the
                  | Orb.
     0 | D:1      | Reached XP level 1. HP: 9/9 MP: 5/5
   488 | D:1      | Reached XP level 2. HP: 9/13 MP: 5/7
   492 | D:1      | Learned a level 2 spell: Ensorcelled Hibernation
  1561 | D:2      | Reached skill level 5 in Stealth
  1561 | D:2      | Reached XP level 3. HP: 16/16 MP: 1/9
  1756 | D:2      | Learned a level 3 spell: Confuse
  2183 | D:2      | Found a bloodstained altar of Trog.
  3275 | D:3      | Reached XP level 4. HP: 11/21 MP: 8/11
  3432 | D:3      | Noticed Terence
  3740 | D:3      | Killed from afar by an orc wizard

Levels and vault maps discovered:
D:1:      scummos_arrival_simple_crosswalls, layout_basic
D:2:      layout_basic, bloody_trog
D:3:      layout_basic, first_ration, uniq_terence, uniq_purgy
